 Dungeon Sprint DCSS version 0.17-a0-764-gd40c196 (webtiles) character file.

15500000 namelastname112 the Ninja (level 27, -25/245 (249) HPs)
             Began as a Demonspawn Monk on Apr 23, 2015.
             Was the Champion of Makhleb.
             Killed from afar by a wretched soul (79 damage)
             ... with a bolt of negative energy
             ... in the Dungeon (Sprint VIII: "Arena of Blood").
             The game lasted 00:04:17 (155 turns).

namelastname112 the Ninja (Demonspawn Monk)          Turns: 155, Time: 00:04:17

HP:   -25/245 (249) AC: 12    Str: 13    XL:     27
MP:   51/54         EV: 38    Int: 12    God:    Makhleb [******]
Gold: 0             SH:  0    Dex: 27    Spells: 0 memorised, 80 levels left

rFire  . . .     SeeInvis .     i - +∞ Axe of Woe
rCold  + . .     Clarity  .     a - +0 robe
rNeg   . . .     SustAb   .     (no shield)
rPois  .         Gourm    .     (no helmet)
rElec  .         Spirit   .     (no cloak)
rCorr  .         Warding  .     (no gloves)
rMut   .         NoTele   +     (boots unavailable)
MR     ++...                    (no amulet)
Stlth  ++++++++++               (no ring)
                                (no ring)

@: lethally poisoned (-25 -> -75), slowed, heavily drained, very slow, very
resistant to hostile enchantments, uncannily stealthy
A: talons 3, iridescent scales 3, cold resistance 1, icemail, nightstalker 3,
augmentation 3, freezing cloud immunity
a: Minor Destruction, Lesser Servant of Makhleb, Major Destruction, Greater
Servant of Makhleb, Renounce Religion


You were in the Dungeon.
You worshipped Makhleb.
Makhleb was exalted by your worship.
You were not hungry.

You visited 1 branch

Inventory:

Hand weapons
 i - the +∞ Axe of Woe (weapon)
   (You found it in the Dungeon)
Armour
 a - a +0 robe (worn)
Scrolls
 h - a scroll of blinking
Potions
 c - a potion of curing
 d - a potion of heal wounds
 e - a potion of haste
 f - 2 potions of magic
 g - a potion of berserk rage
Comestibles
 b - a bread ration


   Skills:
 O Level 27(24.1) Fighting
 O Level 27(24.1) Axes
 O Level 27(24.1) Throwing
 O Level 27(24.1) Armour
 O Level 27(24.1) Dodging
 O Level 27(24.1) Stealth
 O Level 27(24.1) Unarmed Combat
 O Level 27(24.1) Spellcasting
 O Level 27(24.1) Invocations


You had 80 spell levels left.
You didn't know any spells.

Dungeon Overview and Level Annotations

Branches:
Dungeon (1/1)

Altars:
Makhleb

Annotations:
D The Meatlord


Innate Abilities, Weirdness & Mutations

You have claws for feet.
You are completely covered in iridescent scales (AC +8).
Your flesh is cold resistant.
A meltable icy envelope protects you from harm (AC +0).
You are completely attuned to the shadows.
Your magical and physical power is greatly enhanced at high health.
You are immune to freezing clouds.


Message History

Deactivating autopickup; reactivate with Ctrl-A.
The bolt of negative energy hits you!
You feel drained.
* * * LOW HITPOINT WARNING * * *
You hear a shout!
Items here: )))))))) ======== †
Press: ? - help, v - describe, . - travel, g - get item
Here: The Meatlord, wielding the +7 Sceptre of Torment and wearing a +27000 ring of slaying A chunk of flesh.
The floor.
Unknown command.
You slash the reaper!
You butcher the reaper messily.
You kill the reaper!
* * * LOW HITPOINT WARNING * * *
You feel very sick.
You hear a shout! x14
A bolt of negative energy appears from out of thin air!
The bolt of negative energy hits The Meatlord.
The Meatlord completely resists.
The bolt of negative energy hits you!
You feel drained.
You die...

... ..... #...
...# #... ...#
.###... ...###..
......###......
......)_)%o...
...#)))&.#...
...#_§<)_#
2..#)§)@)#...
.o..))._§.)....
.o..))###......
.###..§V...###..
#.......#
#..§.D..#
......... ...
...


You could see The Meatlord and a bag of meat.

Vanquished Creatures
  3 hell knights (D)
  7 hell beasts (D)
  5 greater mummies (D)
  3 great orbs of eyes (D)
  8 wraiths (D)
  11 vampire knights (D)
  27 ogres (D)
  9 liches (D)
  3 hydras (D)
  46 orcs (D)
  A phantom (D)
  5 hill giants (D)
  4 skeletal warriors (D)
  2 sea snakes (D)
  2 tentacled monstrosities (D)
  2 reapers (D)
  6 large abominations (D)
  3 small abominations (D)
  2 shadows (D)
  5 crawling corpses (D)
154 creatures vanquished.

Vanquished Creatures (others)
  An orc (D)
  2 crawling corpses (D)
3 creatures vanquished.

Grand Total: 157 creatures vanquished

Notes
Turn   | Place    | Note
--------------------------------------------------------------
     0 | D        | namelastname112, the Demonspawn Monk, began the quest for the Orb.
     0 | D        | Reached XP level 1. HP: 18/18 MP: 1/1
     4 | D        | Noticed a bag of meat
     4 | D        | Noticed a bag of meat
     4 | D        | Became a worshipper of Makhleb the Destroyer
     4 | D        | Acquired Makhleb's first power
     4 | D        | Acquired Makhleb's second power
     5 | D        | Noticed a bag of meat
    10 | D        | Killed a bag of meat
    10 | D        | Reached skill level 14 in Fighting
    10 | D        | Gained mutation: You are slightly more attuned to the shadows. [demonic ancestry]
    10 | D        | Reached XP level 2. HP: 21/43 MP: 2/2
    10 | D        | Reached XP level 3. HP: 23/49 MP: 3/3
    10 | D        | Reached XP level 4. HP: 26/56 MP: 4/4
    10 | D        | Gained mutation: You are significantly more attuned to the shadows. [demonic ancestry]
    10 | D        | Reached XP level 5. HP: 28/62 MP: 5/5
    10 | D        | Gained mutation: You have sharp toenails. [demonic ancestry]
    10 | D        | Reached XP level 6. HP: 31/69 MP: 6/6
    10 | D        | Gained mutation: Your flesh is cold resistant. [demonic ancestry]
    10 | D        | Reached XP level 7. HP: 33/75 MP: 7/7
    10 | D        | Reached XP level 8. HP: 36/82 MP: 8/8
    10 | D        | Gained mutation: You are immune to freezing clouds. [demonic ancestry]
    10 | D        | Reached XP level 9. HP: 38/88 MP: 9/9
    10 | D        | Reached XP level 10. HP: 41/95 MP: 10/10
    10 | D        | Gained mutation: A meltable icy envelope protects you from harm (AC +0). [demonic ancestry]
    10 | D        | Reached XP level 11. HP: 43/101 MP: 11/11
    10 | D        | Killed a bag of meat
    10 | D        | Reached skill level 16 in Fighting
    10 | D        | Reached skill level 15 in Axes
    10 | D        | Reached skill level 15 in Dodging
    10 | D        | Gained mutation: You are completely attuned to the shadows. [demonic ancestry]
    10 | D        | Reached XP level 12. HP: 91/113 MP: 12/12
    11 | D        | Noticed a bag of meat
    11 | D        | Killed a bag of meat
    11 | D        | Acquired Makhleb's third power
    11 | D        | Reached skill level 18 in Fighting
    11 | D        | Gained mutation: You are partially covered in iridescent scales (AC +4). [demonic ancestry]
    11 | D        | Reached XP level 13. HP: 64/122 MP: 13/13
    12 | D        | Killed a bag of meat
    12 | D        | Reached skill level 19 in Fighting
    12 | D        | Reached XP level 14. HP: 126/133 MP: 14/14
    13 | D        | Noticed a meat berserker
    13 | D        | Noticed a meat berserker
    16 | D        | Killed a meat berserker
    16 | D        | Acquired Makhleb's fourth power
    16 | D        | Reached skill level 21 in Fighting
    16 | D        | Reached XP level 15. HP: 138/144 MP: 15/15
    17 | D        | Killed a meat berserker
    17 | D        | Reached skill level 22 in Fighting
    19 | D        | Noticed a bag of meat
    22 | D        | Killed a bag of meat
    22 | D        | Reached skill level 23 in Fighting
    22 | D        | Gained mutation: You have razor-sharp toenails. [demonic ancestry]
    22 | D        | Reached XP level 16. HP: 154/157 MP: 16/16
    24 | D        | Noticed a bag of meat
    26 | D        | Noticed a bag of meat
    27 | D        | Killed a bag of meat
    27 | D        | Acquired Makhleb's fifth power
    27 | D        | Reached skill level 24 in Fighting
    28 | D        | Noticed a bag of meat
    29 | D        | Noticed a destroyer
    30 | D        | Killed a destroyer
    30 | D        | Reached skill level 26 in Fighting
    30 | D        | Reached XP level 17. HP: 165/171 MP: 17/17
    32 | D        | Killed a bag of meat
    34 | D        | Noticed a meat berserker
    35 | D        | Noticed a meat berserker
    36 | D        | Killed a meat berserker
    36 | D        | Reached skill level 27 in Fighting
    36 | D        | Reached skill level 27 in Stealth
    36 | D        | Gained mutation: Your magical and physical power is slightly enhanced at high health. [demonic ancestry]
    36 | D        | Reached XP level 18. HP: 180/182 MP: 18/18
    36 | D        | Noticed a large bag of meat
    38 | D        | Killed a meat berserker
    38 | D        | Reached skill level 27 in Axes
    38 | D        | Reached skill level 27 in Dodging
    40 | D        | Noticed a meat berserker
    41 | D        | Noticed a bag of meat
    42 | D        | Noticed a sculptor of flesh
    44 | D        | Noticed a meat berserker
    44 | D        | Killed a meat berserker
    46 | D        | Killed a bag of meat
    46 | D        | Gained mutation: You have claws for feet. [demonic ancestry]
    46 | D        | Reached XP level 19. HP: 189/189 MP: 19/19
    47 | D        | Noticed a destroyer
    47 | D        | Killed a meat berserker
    47 | D        | Reached skill level 27 in Unarmed Combat
    48 | D        | Noticed a destroyer
    48 | D        | Killed a sculptor of flesh
    49 | D        | Noticed a tyrant
    50 | D        | Noticed a destroyer
    50 | D        | Noticed a meat berserker
    51 | D        | Killed a destroyer
    51 | D        | Reached XP level 20. HP: 197/197 MP: 19/36
    52 | D        | Killed a large bag of meat
    53 | D        | Noticed a bag of meat
    53 | D        | Killed a meat berserker
    54 | D        | Noticed a bag of meat
    54 | D        | Killed a destroyer
    54 | D        | Gained mutation: You are mostly covered in iridescent scales (AC +6). [demonic ancestry]
    54 | D        | Reached XP level 21. HP: 204/204 MP: 20/43
    55 | D        | Noticed a bag of meat
    55 | D        | Noticed an accursed
    55 | D        | Noticed a meat berserker
    56 | D        | Noticed a destroyer
    56 | D        | Killed a bag of meat
    57 | D        | Killed a bag of meat
    58 | D        | Killed a destroyer
    58 | D        | Reached skill level 27 in Invocations
    59 | D        | Noticed a bag of meat
    60 | D        | Noticed a meat berserker
    60 | D        | Killed a meat berserker
    60 | D        | Gained mutation: Your magical and physical power is enhanced at high health. [demonic ancestry]
    60 | D        | Reached XP level 22. HP: 212/212 MP: 21/50
    60 | D        | Killed a destroyer
    60 | D        | Killed an accursed
    60 | D        | Reached skill level 27 in Throwing
    60 | D        | Reached skill level 27 in Armour
    60 | D        | Reached skill level 27 in Spellcasting
    60 | D        | Gained mutation: You are completely covered in iridescent scales (AC +8). [demonic ancestry]
    60 | D        | Reached XP level 23. HP: 217/217 MP: 21/54
    61 | D        | Noticed a bag of meat
    62 | D        | Noticed a destroyer
    62 | D        | Killed a meat berserker
    62 | D        | Killed a bag of meat
    62 | D        | Killed a tyrant
    62 | D        | Killed a bag of meat
    63 | D        | Noticed a bag of meat
    64 | D        | Killed a destroyer
    64 | D        | Reached XP level 24. HP: 225/225 MP: 22/54
    64 | D        | Killed a bag of meat
    66 | D        | Noticed a bag of meat
    66 | D        | Noticed a meat beast
    67 | D        | Noticed a large bag of meat
    67 | D        | Killed a bag of meat
    68 | D        | Noticed a bag of meat
    69 | D        | Noticed a dread
    70 | D        | Noticed a sculptor of flesh
    70 | D        | Noticed a dread
    71 | D        | Killed a large bag of meat
    72 | D        | Noticed a bag of meat
    72 | D        | Noticed a bag of meat
    72 | D        | Noticed a sculptor of flesh
    73 | D        | Noticed a bag of meat
    73 | D        | Noticed a meat berserker
    74 | D        | Killed a dread
    74 | D        | Reached XP level 25. HP: 232/232 MP: 25/54
    75 | D        | Noticed a bag of meat
    75 | D        | Killed a bag of meat
    75 | D        | Killed a meat berserker
    76 | D        | Noticed a meat berserker
    76 | D        | Noticed a meat berserker
    76 | D        | Noticed a bag of meat
    76 | D        | Noticed a sculptor of flesh
    76 | D        | Noticed a tyrant
    76 | D        | Killed a bag of meat
    76 | D        | Killed a bag of meat
    77 | D        | Noticed a meat berserker
    77 | D        | Killed a meat berserker
    78 | D        | Noticed a dread
    78 | D        | Killed a sculptor of flesh
    79 | D        | Killed a meat berserker
    79 | D        | Reached XP level 26. HP: 240/240 MP: 26/54
    79 | D        | Killed a dread
    80 | D        | Killed a bag of meat
    80 | D        | Killed a meat berserker
    81 | D        | Killed a tyrant
    81 | D        | Gained mutation: Your magical and physical power is greatly enhanced at high health. [demonic ancestry]
    81 | D        | Reached XP level 27. HP: 247/247 MP: 27/54
    81 | D        | Killed a bag of meat
    81 | D        | Killed a bag of meat
    82 | D        | Killed a bag of meat
    83 | D        | Killed a dread
    85 | D        | Noticed a meat beast
    85 | D        | Noticed a bag of meat
    85 | D        | Noticed a bag of meat
    85 | D        | Noticed a destroyer
    85 | D        | Noticed a sculptor of flesh
    86 | D        | Killed a sculptor of flesh
    86 | D        | Killed a sculptor of flesh
    87 | D        | Noticed a meat berserker
    87 | D        | Noticed a meat berserker
    87 | D        | Killed a bag of meat
    88 | D        | Noticed a meat beast
    88 | D        | Noticed a meat berserker
    89 | D        | Noticed a bag of meat
    90 | D        | Noticed a bag of meat
    90 | D        | Killed a meat berserker
    90 | D        | Killed a meat beast
    91 | D        | Noticed a destroyer
    91 | D        | Killed a meat berserker
    91 | D        | Killed an observer
    92 | D        | Noticed a meat berserker
    92 | D        | Killed a bag of meat
    92 | D        | Killed a meat berserker
    92 | D        | Killed a meat beast
    93 | D        | Noticed a tyrant
    94 | D        | Noticed a meat berserker
    94 | D        | Noticed a meat berserker
    94 | D        | Killed a bag of meat
    94 | D        | Killed a destroyer
    96 | D        | Killed a meat berserker
    96 | D        | Killed a destroyer
    96 | D        | Killed a tyrant
    97 | D        | Noticed a tyrant
    98 | D        | Noticed a dread
    98 | D        | Noticed a destroyer
    98 | D        | Noticed an accursed
    98 | D        | Killed a meat berserker
    99 | D        | Noticed a meat beast
    99 | D        | Noticed a tyrant
    99 | D        | Killed a bag of meat
   100 | D        | Noticed a tyrant
   100 | D        | Killed a tyrant
   100 | D        | Noticed an eight-headed meat hydra
   101 | D        | Noticed a bag of meat
   102 | D        | Noticed a bag of meat
   102 | D        | Noticed a meat berserker
   102 | D        | Noticed a meat berserker
   102 | D        | Killed a meat berserker
   102 | D        | Noticed a meat beast
   103 | D        | Killed a tyrant
   104 | D        | Noticed a bag of meat
   104 | D        | Noticed a large bag of meat
   104 | D        | Killed a tyrant
   104 | D        | Killed a meat berserker
   104 | D        | Killed a destroyer
   105 | D        | Noticed a bag of meat
   105 | D        | Noticed an accursed
   105 | D        | Killed a dread
   106 | D        | Noticed a meat beast
   106 | D        | Noticed a tyrant
   106 | D        | Killed a meat berserker
   106 | D        | Killed a meat beast
   107 | D        | Noticed a bag of meat
   107 | D        | Killed a large bag of meat
   107 | D        | Killed a bag of meat
   108 | D        | Noticed a bag of meat
   108 | D        | Noticed a dread
   108 | D        | Killed a meat beast
   110 | D        | Noticed a bag of meat
   110 | D        | Killed a bag of meat
   111 | D        | Killed a nine-headed meat hydra
   112 | D        | Noticed a destroyer
   112 | D        | Killed a dread
   113 | D        | Noticed a dread
   113 | D        | Noticed a bag of meat
   113 | D        | Noticed a bag of meat
   113 | D        | Killed a tyrant
   113 | D        | Killed a bag of meat
   114 | D        | Killed a bag of meat
   115 | D        | Noticed a bag of meat
   115 | D        | Killed a bag of meat
   115 | D        | Killed a dread
   116 | D        | Noticed a bag of meat
   116 | D        | Noticed a bag of meat
   116 | D        | Noticed a bag of meat
   116 | D        | Noticed a destroyer
   116 | D        | Killed a bag of meat
   116 | D        | Killed a meat beast
   116 | D        | Killed an accursed
   118 | D        | Killed a bag of meat
   119 | D        | Noticed a bag of meat
   119 | D        | Killed a destroyer
   119 | D        | Killed a bag of meat
   120 | D        | Killed a destroyer
   121 | D        | Killed a bag of meat
   121 | D        | Killed an accursed
   121 | D        | Killed a bag of meat
   122 | D        | Noticed a fleshlord
   123 | D        | Killed a bag of meat
   123 | D        | Killed a bag of meat
   124 | D        | Killed a bag of meat
   125 | D        | Killed a bag of meat
   126 | D        | Noticed a bag of meat
   126 | D        | Killed a fleshlord
   128 | D        | Noticed a bag of meat
   129 | D        | Killed a bag of meat
   131 | D        | Noticed a bag of meat
   131 | D        | Noticed a fleshlord
   132 | D        | Noticed a dread
   132 | D        | Noticed an accursed
   134 | D        | Noticed a meat berserker
   135 | D        | Noticed a meat berserker
   136 | D        | Noticed a bag of meat
   136 | D        | Noticed a meat berserker
   136 | D        | Killed a meat berserker
   136 | D        | Killed a bag of meat
   137 | D        | Noticed a meat berserker
   137 | D        | Killed a dread
   137 | D        | Noticed a tyrant
   137 | D        | Noticed a bag of meat
   138 | D        | Noticed a dread
   138 | D        | Killed a fleshlord
   138 | D        | Killed a meat berserker
   138 | D        | Killed a meat berserker
   139 | D        | Noticed a large bag of meat
   139 | D        | Noticed a meat beast
   139 | D        | Killed a meat berserker
   140 | D        | Noticed a bag of meat
   140 | D        | Noticed a fleshlord
   140 | D        | Killed a meat beast
   141 | D        | Noticed a large bag of meat
   141 | D        | Noticed an accursed
   141 | D        | Killed a bag of meat
   141 | D        | Killed a large bag of meat
   142 | D        | Noticed a bag of meat
   142 | D        | Killed a tyrant
   142 | D        | Killed an accursed
   142 | D        | Killed a dread
   143 | D        | Killed a bag of meat
   143 | D        | Killed a fleshlord
   144 | D        | Noticed a meat berserker
   144 | D        | Killed a bag of meat
   145 | D        | Noticed a bag of meat
   145 | D        | Noticed a meat beast
   146 | D        | Killed a meat berserker
   146 | D        | Killed a wretched soul
   147 | D        | Noticed a bag of meat
   147 | D        | Noticed a tyrant
   147 | D        | Killed a meat beast
   147 | D        | Killed a large bag of meat
   148 | D        | Killed a bag of meat
   148 | D        | Killed an observer
   148 | D        | Killed an observer
   150 | D        | Killed a bag of meat
   150 | D        | Killed an accursed
   151 | D        | Killed a bag of meat
   151 | D        | Killed a tyrant
   152 | D        | Noticed a meat berserker
   153 | D        | Killed a meat berserker
   154 | D        | Noticed a bag of meat
   154 | D        | Noticed The Meatlord
   155 | D        | Killed from afar by a wretched soul

Action                   |  1- 3 |  4- 6 |  7- 9 | 10-12 | 13-15 | 16-18 | 19-21 | 22-24 | 25-27 || total
-------------------------+-------+-------+-------+-------+-------+-------+-------+-------+-------++-------
Melee: Executioner's axe |     1 |       |       |     1 |     4 |     7 |    10 |     5 |    62 ||    90
